 Dungeon Crawl Stone Soup version 0.31-a0-164-g2312942fda (webtiles) character file.

Game seed: 14149818365117382659

254 qw the Shooter (level 6, -3/38 HPs)
             Began as a Gargoyle Hunter on June 13, 2023.
             Slain by an orc
             ... wielding a +0 trident
              (6 damage)
             ... on level 4 of the Dungeon.
             The game lasted 00:00:50 (2307 turns).

qw the Shooter (Gargoyle Hunter)                    Turns: 2307, Time: 00:00:51

Health: -3/38      AC: 10    Str: 14    XL:     6   Next: 14%
Magic:  6/6        EV: 11    Int: 10    God:
Gold:   197        SH:  0    Dex: 15    Spells: 5/5 levels left

rFire   . . .        Y - +0 arbalest (drain)
rCold   . . .        (shield currently unavailable)
rNeg    + . .        g - +0 ring mail
rPois   inf          (no helmet)
rElec   +            l - +0 cloak
rCorr   .            (no gloves)
SInv    .            (no boots)
Will    .....        d - amulet of regeneration
Stlth   +            (no ring)
HPRegen 1.06/turn    (no ring)
MPRegen 0.10/turn

%: no passive effects
@: no status effects
A: sickness immunity, AC +4, negative energy resistance 1, electricity
resistance, torment resistance 1, petrification resistance
a: no special abilities


You were on level 4 of the Dungeon.
You visited 1 branch of the dungeon, and saw 4 of its levels.

You collected 197 gold pieces.


Innate Abilities, Weirdness & Mutations

You are immune to sickness and miasma.
Your stone body is resilient. (AC +4)
You are immune to poison.
You resist negative energy. (rN+)
You are resistant to electric shocks. (rElec)
You are resistant to unholy torment.
You are immune to petrification.


   Skills:
 - Level 4.2 Fighting
 + Level 6.1 Ranged Weapons
 - Level 1.7 Armour
 - Level 1.5 Dodging
 - Level 1.1 Stealth


You had 5 spell levels left.
You didn't know any spells.
Your spell library was empty.

Inventory:

Hand Weapons
 Y - a +0 arbalest of draining (weapon)
Armour
 a - a +0 pair of boots
 g - a +0 ring mail (worn)
 l - a +0 cloak (worn)
Jewellery
 d - an amulet of regeneration (around neck)
Scrolls
 k - a scroll of identify
Potions
 c - a potion of attraction
 f - a potion of ambrosia {unknown}
 i - a potion of berserk rage {unknown}
 j - a potion of lignification {unknown}

Dungeon Overview and Level Annotations

Branches:
Dungeon (4/15)
 Temple: D:4-7

Altars:

Shops:
D:2 [


Message History

You shoot a bolt. The bolt closely misses the hound.
The hound bites you but does no damage. The orc closely misses you.
The orc priest invokes the aid of Beogh against you.
You barely resist. The orc closely misses you.
The hound bites you but does no damage. The orc barely misses you.
The orc hits you but does no damage. The hound barely misses you.
A worm comes into view.
You shoot a bolt. The bolt closely misses the hound.
The bolt hits the orc.
The orc is lightly wounded.
The hound bites you but does no damage.
The orc priest hits you but does no damage.
The orc hits you with a +0 whip. The orc hits you but does no damage.
The orc hits you with a +0 flail. The hound closely misses you.
You shoot a bolt. The bolt closely misses the hound.
The bolt barely misses the orc.
The hound bites you.
The orc hits you from afar with a +0 trident.
The orc barely misses you. The orc priest closely misses you.
The orc closely misses you. The hound bites you. The orc closely misses you.
The orc hits you with a +0 whip. The orc closely misses you.
The orc priest hits you but does no damage.
The hound bites you but does no damage.
You shoot a bolt. The bolt closely misses the hound.
The bolt hits the orc!
You kill the orc!
The hound bites you. The orc closely misses you.
The orc priest hits you but does no damage.
The orc closely misses you. x2; The hound bites you but does no damage.
The orc completely misses you. The orc hits you with a +0 flail!
The orc priest closely misses you. The orc hits you but does no damage.
You shoot a bolt. The bolt hits the hound!
You kill the hound!
The orc closely misses you. The orc priest hits you with a +0 mace.
The orc hits you with a +0 flail. The orc closely misses you.
Your Fighting skill increases to level 4!
You shoot a bolt. The bolt hits the orc priest!
The orc priest is severely wounded.
The orc priest calls down the wrath of Beogh upon you.
Pain shoots through your body!
The orc hits you from afar with a +0 trident.
You die...

#......#...######
###..........##.##
#..........##..#
###.............#
##...............#
#..........).....#
.....)...........#
.........#....#..##
.......####...#o@.#
.......## #..##oo.#
........#
#..##..o).
##.....## ##
##w..... ....##.#
......... ....# .#
#........ ....#..#
#........ .......#
#.......# .......#


You could see a worm, an orc priest and 3 orcs.

Vanquished Creatures
  2 orc priests (D:3)
  A hound (D:4)
  An iguana (D:3)
  An orc wizard (D:3)
  4 adders
  2 worms
  A dart slug (D:2)
  7 orcs
  8 bats
  6 endoplasms
  2 giant cockroaches (D:2)
  4 goblins
  6 hobgoblins
  3 jackals (D:3)
  3 quokkas
  6 ball pythons
  2 frilled lizards
  5 kobolds
  5 rats
69 creatures vanquished.

Notes
Turn   | Place    | Note
-------+----------+-------------------------------------------
     0 | D:1      | qw the Gargoyle Hunter began the quest for the Orb.
     0 | D:1      | Reached XP level 1. HP: 12/12 MP: 1/1
     0 | D:1      | 0 ||| qw: Version: 0.2-a-29-gc1b59c4
     0 | D:1      | 0 ||| qw: Game counter: 4560
     0 | D:1      | 0 ||| qw: Always use a shield: true
     0 | D:1      | 0 ||| qw: God list: Okawaru
     0 | D:1      | 0 ||| qw: Allow faded altars: false
     0 | D:1      | 0 ||| qw: Do Orc after D:15 true
     0 | D:1      | 0 ||| qw: Do second Lair branch before Depths: true
     0 | D:1      | 0 ||| qw: Lair rune preference: random
     0 | D:1      | 0 ||| qw: Plans: Normal, Zot:1-4, Slime:5, God:TSO, Crypt,
                  | Tomb, Abyss, Pan, Hells, Win
     0 | D:1      | 0 ||| PLANNING D:1-11
   181 | D:1      | Reached XP level 2. HP: 17/17 MP: 2/2
   206 | D:1      | 206 ||| SWAPPING to +0 arbalest.
   207 | D:1      | 207 ||| DROPPING +0 shortbow.
   431 | D:1      | Found a faded altar of an unknown god.
   620 | D:1      | 620 ||| READING scroll labelled QUAHUO LAL HAY.
   621 | D:1      | 621 ||| READING scroll labelled LUENOQ YFOWN.
   622 | D:1      | 622 ||| READING scroll labelled LUUNGE CATHRE.
   623 | D:1      | 623 ||| READING scroll labelled DEFOUP BUIV.
   724 | D:1      | 724 ||| DROPPING scroll of butterflies.
   831 | D:2      | Reached skill level 5 in Ranged Weapons
   831 | D:2      | Reached XP level 3. HP: 14/21 MP: 3/3
   978 | D:2      | Found Zafu Kaw's Antique Armour Shoppe.
   984 | D:2      | 984 ||| SHOPLISTING ring mail (100 gold, have 94).
  1322 | D:2      | Reached skill level 3 in Fighting
  1325 | D:2      | Reached XP level 4. HP: 28/28 MP: 4/4
  1559 | D:2      | 1559 ||| UPGRADING to +0 ring mail.
  1569 | D:2      | 1569 ||| DROPPING +0 leather armour.
  1570 | D:2      | 1570 ||| UPGRADING to +0 cloak.
  1575 | D:2      | 1575 ||| UPGRADING to amulet of regeneration.
  1580 | D:2      | 1580 ||| DROPPING ring of flight.
  1581 | D:2      | 1581 ||| READING scroll labelled XOURAT MOAFEU.
  1582 | D:2      | 1582 ||| READING scroll labelled YMPIHUUDON.
  1583 | D:2      | 1583 ||| DRINKING 2 puce potions.
  1664 | D:3      | Reached skill level 1 in Armour
  1669 | D:3      | 1669 ||| DRINKING potion of curing.
  1669 | D:3      | 1669 ||| (to cure confusion)
  1676 | D:3      | Reached XP level 5. HP: 31/32 MP: 5/5
  1800 | D:3      | Reached skill level 6 in Ranged Weapons
  2193 | D:3      | 2193 ||| READING scroll labelled QALORPHOSCHI.
  2194 | D:3      | 2194 ||| READING scroll labelled VIPRUUPEKU.
  2195 | D:3      | 2195 ||| READING 2 scrolls of identify.
  2195 | D:3      | 2195 ||| IDENTIFYING golden potion
  2255 | D:4      | Found the +6 shillelagh "Devastator" {shatter}
  2262 | D:4      | Reached XP level 6. HP: 38/38 MP: 6/6
  2306 | D:4      | HP: 9/38 [orc priest/+0 mace (6)]
  2306 | D:4      | HP: 4/38 [orc/+0 flail (5)]
  2307 | D:4      | Slain by an orc

Levels and vault maps discovered:
D:1:      saegor_arrival_miasma, layout_loops_cross, basic_ecumenical_altar,
          minmay_fountain_box, grunt_decor_mini_mirrors
D:2:      minmay_razor_zed, layout_basic, serial_shops, shop_statue,
          amcnicky_mini_pool_small, moated_statue, grunt_ministairs_2
D:3:      layout_basic, chequers_serial_rivers_small_a
D:4:      layout_cave_pools, palyth_temple_overflow_mages,
          nicolae_elyvilon_temple_path, cheibrodos_ashenzari_chains

Skill      XL: |  1  2  3  4  5  6 |
---------------+-------------------+-----
Ranged Weapons | 5 6 |  6.1
Fighting       | 3 4 |  4.2
Armour         | 1 |  1.7
Dodging        | |  1.5
Stealth        | |  1.1

Action                     |  1- 3 |  4- 6 || total
---------------------------+-------+-------++-------
   Fire: Shortbow          |    17 |       ||    17
         Arbalest          |    58 |    94 ||   152
    Use: Scroll            |     4 |     5 ||     9
         Potion            |       |     2 ||     2
 Armour: Leather armour    |    15 |     7 ||    22
         Ring mail         |       |    36 ||    36
  Dodge: Dodged            |    24 |    63 ||    87

Table legend:
 A = Non-vault XP
 B = Vault XP
 C = Vault XP percentage of total XP
 D = Non-vault monster count
 E = Vault monster count
 F = Vault count percentage of total count
                 A         B        C        D         E       F
            +---------+---------+-------+---------+---------+-------
      Total |     313 |      50 |  13.8 |      56 |      13 |  18.8
            +---------+---------+-------+---------+---------+-------
        D:1 |      20 |       0 |   0.0 |      13 |       0 |   0.0
        D:2 |      22 |      50 |  69.4 |      13 |      13 |  50.0
        D:3 |     225 |       0 |   0.0 |      26 |       0 |   0.0
        D:4 |      46 |       0 |   0.0 |       4 |       0 |   0.0
            +---------+---------+-------+---------+---------+-------
